 Dungeon Crawl Stone Soup version 0.28.0-53-g5a82cb258f (webtiles) character file.

Game seed: 7031436758551593538

2616 Infinimo the Basher (level 9, -2/96 (101) HPs)
             Began as an Ogre Gladiator on May 26, 2022.
             Was a Priest of Okawaru.
             Slain by a two-headed ogre
             ... wielding a +0 giant club
              (29 damage)
             ... on level 7 of the Dungeon.
             The game lasted 00:12:27 (12032 turns).

Infinimo the Basher (Ogre Gladiator)               Turns: 12032, Time: 00:12:28

HP:   -2/96 (101)   AC:  3    Str: 20    XL:     9   Next: 60%
MP:   9/9           EV: 10    Int: 13    God:    Okawaru [***...]
Gold: 285           SH:  0    Dex: 10    Spells: 8/8 levels left

rFire   . . .      SeeInvis .   a - +1 flail
rCold   . . .      Faith    .   (no shield)
rNeg    . . .      Spirit   .   b - +0 robe
rPois   .          Reflect  .   c - +0 hat
rElec   .          Harm     .   f - scarf {repulsion}
rCorr   .          Rampage  .   (gloves unavailable)
Will    .....                   (boots unavailable)
Stlth   +.........              g - amulet of the acrobat
HPRegen 0.26/turn               (no ring)
MPRegen 0.11/turn               (no ring)

@: lightly drained, repel missiles
A: large, unfitting armour, tough skin 1
a: Renounce Religion, Heroism


You were on level 7 of the Dungeon.
You worshipped Okawaru.
Okawaru was most pleased with you.
You visited 1 branch of the dungeon, and saw 8 of its levels.

You collected 285 gold pieces.

Inventory:

Hand Weapons
 a - a +1 flail (weapon)
 l - a +2 short sword of venom
 m - a +1 dagger of electrocution
Missiles
 h - 7 poisoned darts (quivered)
 z - 2 throwing nets
Armour
 b - a +0 robe (worn)
 c - a +0 hat (worn)
 f - a scarf of repulsion (worn)
Jewellery
 g - an amulet of the acrobat (around neck)
 p - a ring of willpower
 r - a +6 ring of dexterity
 v - a ring of willpower
Wands
 o - a wand of digging (10)
Scrolls
 s - 2 scrolls of fog
 w - a scroll of magic mapping
Potions
 d - a potion of lignification
 i - 9 potions of curing
 j - a potion of cancellation {unknown}
 k - a potion of resistance {unknown}
 n - 4 potions of degeneration {unknown}
 q - a potion of heal wounds
 t - a potion of mutation {unknown}
 u - a potion of attraction {unknown}
 x - a potion of haste {unknown}


   Skills:
 + Level 10.0 Fighting
 * Level 10.0 Maces & Flails
 - Level 2.0 Throwing
 - Level 2.6 Dodging


You had 8 spell levels left.
You didn't know any spells.
Your spell library contained the following spells:

 Spells                   Type           Power      Damage    Failure   Level
 Shock                    Conj/Air       0%         1d3       30%         1
 Blink                    Tloc           0%         N/A       43%         2
 Lesser Beckoning         Tloc           0%         N/A       67%         3
 Swiftness                Air            0%         N/A       67%         3
 Airstrike                Air            0%         N/A       97%         4
 Manifold Assault         Tloc           0%         N/A       100%        5


Dungeon Overview and Level Annotations

Branches:
Dungeon (8/15)             Temple (0/1) D:6
   Lair: D:8-11

Altars:
Fedhas
Hepliaklqana
Okawaru
Ru
Vehumet
Xom
Zin

Shops:
D:3 [:[[(   D:4 (


Innate Abilities, Weirdness & Mutations

You are too large for most types of armour.
You have tough skin. (AC +1)


Message History

There is an escape hatch in the floor here.
The two-headed ogre looks more healthy.
The two-headed ogre completely misses you.
The two-headed ogre barely misses you.
Throw: 9 darts (poison)
Press: ? - help, Q - select action, (/) - cycle Shift-Dir - straight line, f - two-headed ogre
Aim: a two-headed ogre, wielding two +0 giant clubs (heavily wounded, 77% to hit)
You throw a poisoned dart.
The poisoned dart hits the two-headed ogre.
The two-headed ogre is poisoned.
The two-headed ogre is heavily wounded.
There is an escape hatch in the floor here.
The two-headed ogre looks more healthy.
You see here 21 bolts.
There is an open door here.
Throw: 8 darts (poison)
Press: ? - help, Q - select action, (/) - cycle Shift-Dir - straight line, f/p - two-headed ogre
Aim: a two-headed ogre, wielding two +0 giant clubs (moderately wounded, 77% to hit)
You throw a poisoned dart.
The poisoned dart hits the two-headed ogre.
The two-headed ogre is poisoned.
The two-headed ogre is moderately wounded.
The two-headed ogre hits you with a +0 giant club! x2
You barely miss the two-headed ogre.
You punch the two-headed ogre, but do no damage.
The two-headed ogre is moderately wounded.
You barely miss the two-headed ogre.
The two-headed ogre is moderately wounded.
The two-headed ogre hits you with a +0 giant club!!
The two-headed ogre barely misses you.
Unknown command.
You sock the two-headed ogre!
The two-headed ogre is heavily wounded.
The two-headed ogre hits you with a +0 giant club!!
* * * LOW HITPOINT WARNING * * *
The two-headed ogre closely misses you.
You barely miss the two-headed ogre.
The two-headed ogre is heavily wounded.
The two-headed ogre hits you with a +0 giant club!!
You die...

#.......##.#.##........###......
#...?...##...##..####### #.###.#
#.......###..##..# #.# #.#
#.......# #..##..# #.# #..
##.......# ##.....### #.# #.#
.........# #.......#######.# #.#
#........# #..#..#.##......# #.#
#........# #..#O##.##..#.#.###..
#........# ##.#@##.......#......
#........#####................#.#
.................<..........###.#
#..###########..........#.......#
....### #....[#.###.#...#####
....#.# #...>.#.........# ....#.#
#....).......####
...##.#######.#...#####.##
..................#####.#


You could see a two-headed ogre (poisoned).

Vanquished Creatures
  A water moccasin (D:6)
  3 ice beasts
  A necrophage (D:5)
  A sky beast (D:4)
  An orc warrior (D:5)
  2 black bears
  2 ogres
  A centaur (D:5)
  A phantom (D:6)
  A kobold brigand (D:8)
  2 bullfrogs
  A wyvern zombie (D:6)
  4 scorpions
  2 jellies
  4 wights
  2 centaur zombies
  A bullfrog zombie (D:6)
  An orc priest (D:5)
  A bullfrog skeleton (D:5)
  A centaur skeleton (D:5)
  5 hounds
  2 iguanas
  4 orc wizards
  A killer bee zombie (D:8)
  3 hound skeletons
  3 gnolls (D:7)
  A howler monkey skeleton (D:5)
  4 adders
  An ufetubus (D:6)
  An adder skeleton (D:4)
  3 worms
  2 dart slugs
  10 orcs
  4 ball pythons
  9 endoplasms
  4 giant cockroaches
  3 goblins
  8 hobgoblins
  4 quokkas
  6 bats
  2 frilled lizards
  7 kobolds
  2 rats (D:1)
122 creatures vanquished.

Notes
Turn   | Place    | Note
-------+----------+-------------------------------------------
     0 | D:1      | Infinimo the Ogre Gladiator began the quest for the Orb.
     0 | D:1      | Reached XP level 1. HP: 22/22 MP: 1/1
   189 | D:1      | Reached XP level 2. HP: 30/31 MP: 2/2
   489 | D:1      | Found a faded altar of an unknown god.
   921 | D:2      | Reached XP level 3. HP: 20/37 MP: 3/3
  1267 | D:2      | Found an iron altar of Okawaru.
  1292 | D:2      | Became a worshipper of Warmaster Okawaru
  1655 | D:3      | Found Zibruyso's Antique Armour Boutique.
  1885 | D:3      | Found Oteosa Hebi's Weapon Shoppe.
  1942 | D:3      | Found a hazy altar of Hepliaklqana.
  2288 | D:3      | Found Wabem's Antique Armour Emporium.
  2296 | D:3      | Reached XP level 4. HP: 48/48 MP: 4/4
  2305 | D:3      | Found Qugyil's Book Boutique.
  2438 | D:3      | Found Carghocke's Antique Armour Shop.
  2587 | D:4      | Noticed a scorpion
  2609 | D:4      | Killed a scorpion
  2610 | D:4      | Reached XP level 5. HP: 38/55 MP: 5/5
  3126 | D:4      | Reached skill level 5 in Fighting
  3126 | D:4      | Reached skill level 5 in Maces & Flails
  3126 | D:4      | Reached XP level 6. HP: 34/66 MP: 6/6
  3304 | D:4      | Reached * piety under Okawaru
  3511 | D:4      | Found a blossoming altar of Fedhas.
  3575 | D:4      | Noticed a black bear
  3590 | D:4      | Killed a black bear
  3841 | D:4      | Found Wishry Fiogh's Weapon Boutique.
  4056 | D:5      | Entered Level 5 of the Dungeon
  4145 | D:5      | Reached XP level 7. HP: 71/74 MP: 7/7
  4872 | D:5      | Found a sacrificial altar of Ru.
  5337 | D:5      | Reached ** piety under Okawaru
  5447 | D:5      | Reached XP level 8. HP: 28/87 MP: 8/8
  5759 | D:5      | Found a shimmering altar of Xom.
  7827 | D:6      | Found an iron altar of Okawaru.
  7890 | D:6      | Reached *** piety under Okawaru
  8656 | D:6      | Reached XP level 9. HP: 87/97 MP: 9/9
  9182 | D:6      | Found a staircase to the Ecumenical Temple.
 10843 | D:8      | Found a radiant altar of Vehumet.
 11263 | D:8      | Found a glowing silver altar of Zin.
 11430 | D:8      | Reached skill level 10 in Maces & Flails
 11435 | D:8      | Reached skill level 10 in Fighting
 11682 | D:8      | Noticed a gargoyle
 11683 | D:8      | Noticed a gargoyle
 11756 | D:8      | Noticed a two-headed ogre
 11920 | D:8      | Noticed a two-headed ogre
 12032 | D:7      | Slain by a two-headed ogre

Illustrated notes

Levels and vault maps discovered:
D:1:      sevenhm_arrival_forest_fort_small_4, layout_loops_cross,
          chequers_ecumenical_altar_simple
D:2:      layout_basic, basic_altar
D:3:      layout_basic, lemuel_doored_altar, serial_shops, shop, shop,
          nicolae_shop_crystal, shop, shop_fountains
D:4:      layout_loops_corners, kennysheep_little_box, serial_shops,
          nicolae_shop_behind_doors
D:5:      layout_cave_pods, kennysheep_mini, nicolae_overflow_hidden_temple,
          nicolae_ossuary_entry_monument, minmay_misc_feat_more_columns,
          grunt_ministairs_14, minmay_misc_feat_x
D:6:      layout_basic, mainiacjoe_overflow_brackets, temple_fountains,
          st_stairs_7, nicolae_concentric_dashed_squares_mild
D:7:      layout_basic, minmay_misc_feat_plants
D:8:      cheibrodos_statue_roulette, layout_cave_pools, lemuel_crystal_altar,
          lemuel_tele_altar, hangedman_glass_teeth

Skill      XL: |  1  2  3  4  5  6  7  8  9 |
---------------+----------------------------+-----
Fighting       | 3 4 5 7 8 10 | 10.0
Maces & Flails | 3 4 5 6 7 8 10 | 10.0
Throwing       | |  2.0
Dodging        | |  2.6

Action                   |  1- 3 |  4- 6 |  7- 9 || total
-------------------------+-------+-------+-------++-------
Melee: Flail             |    41 |       |   226 ||   267
       Short sword       |    59 |    96 |   123 ||   278
       Punch             |     1 |     2 |     6 ||     9
Throw: Dart              |       |     2 |    25 ||    27
       Throwing net      |       |     1 |     2 ||     3
  Use: Scroll            |     5 |     3 |     6 ||    14
       Potion            |       |       |     2 ||     2
 Stab: Sleeping          |       |     1 |       ||     1
Armor: Robe              |    21 |    23 |    70 ||   114
Dodge: Dodged            |    63 |    58 |   187 ||   308
       Repelled          |       |       |     1 ||     1
